AoeStats
← Trabzonli Bela

Baltic

511037260Analyzed
2v2 RM · 6h ago on Oct 3, 2026· 37m 16s· 4 players
Game mode
Random Map
Map size
Medium (4 player)
Population
200
Speed
Normal
Resources
Standard
Victory
Conquest
Starting age
Dark Age
Ending age
Imperial Age
RankedLock teamsTeams togetherTeam positionsShared explorationLock speedFull tech treeHidden civsTurbo modeCheats
Victory
Defeat
🇹🇷 Turks · Türkiye
933
+14
🇪🇸 Malay · Spain
827
+18
🇧🇷 Aztecs · Brazil
887
-16
🇩🇪 Japanese · Germany
873
-16
Armes Würstchen
Atommych
2:10 Loom
11:14 Feudal Age
11:45 Fishing Lines
13:07 Wheelbarrow
13:11 Double-Bit Axe
14:08 Gold Mining
22:31 Castle Age
21:49 Scale Mail Armor
22:28 Arson
23:07 Stone Mining
24:04 Gillnets
25:49 Hand Cart
26:00 Pikeman
28:12 Horse Collar
28:47 Bow Saw
28:27 Crossbowman
29:09 Squires
30:02 Town Watch
29:53 Eagle Warrior
32:23 Forging
32:28 Chain Mail Armor
34:12 Iron Casting
37:12 Heavy Plow
37:14 Fletching
37:25 Padded Archer Armor
guerras90
4:49 Loom
12:00 Feudal Age
20:10 Castle Age
17:38 Man-at-Arms
19:30 Forging
19:23 Long Swordsman
22:22 Horse Collar
23:25 Double-Bit Axe
24:09 Fishing Lines
24:37 Gold Mining
26:07 Heavy Plow
27:33 Wheelbarrow
27:50 Iron Casting
27:00 Pikeman
29:10 Hand Cart
29:49 Fletching
33:26 Imperial Age
32:19 Squires
32:10 Arson
34:24 Blast Furnace
33:01 Capped Ram
35:03 Bow Saw
34:47 Two-Handed Swordsman
34:48 Halberdier
36:53 Thalassocracy
Trabzonli Bela
6:25 Loom
9:59 Feudal Age
15:55 Castle Age
14:08 Double-Bit Axe
15:04 Fishing Lines
16:29 Horse Collar
17:42 Bow Saw
23:02 Gillnets
28:10 Gold Mining
29:16 Town Watch
34:53 Imperial Age
33:21 Heavy Plow
36:21 Conscription
35:22 Elite Janissary
Connection lost

Rejoining the realm…

Still unreachable

The connection could not be restored.

Session expired

The server has moved on; the page needs a fresh start.